 Dungeon Crawl Stone Soup version 0.20.1-1-g8b1a95d66d (webtiles) character file.

258 Gargoyl the Skirmisher (level 5, -2/45 HPs)
             Began as a Centaur Abyssal Knight on Dec 5, 2017.
             Was a Believer of Lugonu.
             Slain by an ogre
             ... wielding a +0 giant spiked club
              (5 damage)
             ... on level 2 of the Dungeon.
             The game lasted 00:10:04 (3729 turns).

Gargoyl the Skirmisher (Centaur Abyssal Knight)     Turns: 3729, Time: 00:10:05

Health: -2/45      AC: 13    Str: 15    XL:     5   Next: 94%
Magic:  7/7        EV:  7    Int: 11    God:    Lugonu [**....]
Gold:   96         SH:  0    Dex:  9    Spells: 4/4 levels left

rFire    . . .     SeeInvis .   a - +1 hand axe
rCold    . . .     Gourm    .   (no shield)
rNeg     . . .     Faith    .   l - +0 scale mail
rPois    .         Spirit   .   g - +2 helmet
rElec    .         Reflect  .   d - +0 cloak
rCorr    .         Harm     .   k - +1 pair of gloves
MR       .....                  (no barding)
Stlth    ..........             (no amulet)
Regen    0.2/turn               (no ring)
MPRegen  0.1/turn               (no ring)

@: very quick
A: hooves 3, deformed body, speed 2, tough skin 3
a: Depart the Abyss, Bend Space, Renounce Religion


You were on level 2 of the Dungeon.
You worshipped Lugonu.
Lugonu was pleased with you.
You were hungry.

You visited 1 branch of the dungeon, and saw 3 of its levels.
You visited the Abyss 1 time.

You collected 96 gold pieces.

Inventory:

Hand Weapons
 a - a +1 hand axe (weapon)
Missiles
 m - a tomahawk of returning (quivered)
Armour
 d - a +0 cloak (worn)
 g - a +2 helmet (worn)
 k - a +1 pair of gloves (worn)
 l - a +0 scale mail (worn)
Jewellery
 s - an uncursed amulet of faith {unknown}
Wands
 q - a wand of confusion (10/48)
Scrolls
 e - a scroll of fear
 i - 2 scrolls of recharging
 n - a scroll of teleportation
 r - a scroll of remove curse {unknown}
 u - a scroll of identify
Potions
 b - a potion of agility
 f - a potion of curing
 h - a potion of heal wounds {unknown}
 j - 2 potions of magic {unknown}
 o - a potion of mutation {unknown}
 p - a potion of cancellation {unknown}
Comestibles
 c - 3 bread rations


   Skills:
 + Level 3.4 Fighting
 + Level 3.2 Axes
 + Level 0.4 Throwing
 * Level 2.9 Armour
 + Level 1.3 Dodging
 * Level 3.4 Invocations


You had 4 spell levels left.
You didn't know any spells.

Dungeon Overview and Level Annotations

Branches:
Dungeon (3/15)

Altars:


Innate Abilities, Weirdness & Mutations

You have hooves in place of feet.
Armour fits poorly on your strangely shaped body.
You cover ground very quickly.
You have extremely tough skin. (AC +3)


Message History

The ogre is moderately wounded.
The ogre hits you with a giant spiked club.
You barely miss the ogre. You kick the ogre.
The ogre is heavily wounded.
The ogre hits you with a giant spiked club!
You slash the ogre! You kick the ogre.
The ogre is severely wounded.
The ogre hits you with a giant spiked club!!
Ouch! That really hurt!
* * * LOW HITPOINT WARNING * * *
You hit the ogre.
The ogre is almost dead.
You hit the ogre. You kick the ogre, but do no damage.
The ogre is almost dead.
The ogre closely misses you.
You are feeling hungry.
You barely miss the ogre.
The ogre is almost dead.
The ogre hits you with a giant spiked club.
You die...

#..................####
#..................+...
#.#................####
#.###+##...........## #
#...................###
#.###.####+#...........
#.##...................
#.#...####.#..#####.###
######.#...@O......#####.#
#
#.............(.(........#
#
#######....####.#(.#####.#
# #<...# #.#..# #.# #
#....####.#..#####.###
#.........#...........
#######+#.###....)........
#................#########
#.#####.#.###.............


You could see an ogre.

Vanquished Creatures
  A phantom (D:2)
  The ghost of fartsinmyface the Ducker, a weakling FeEn (D:3)
  Terence (D:3)
  6 adders
  An ooze (D:3)
  A worm (D:2)
  2 leopard geckos
  A ball python (D:2)
  2 giant cockroaches
  7 goblins
  7 hobgoblins
  7 jackals (D:2)
  2 kobolds (D:2)
  A quokka (D:2)
  6 bats
  4 frilled lizards
  9 rats
59 creatures vanquished.

Notes
Turn   | Place    | Note
-------+----------+-------------------------------------------
     0 | Abyss:1  | Gargoyl the Centaur Abyssal Knight began the quest for the Orb.
     0 | Abyss:1  | Reached XP level 1. HP: 19/19 MP: 2/2
    94 | Abyss:1  | Noticed a large abomination
   208 | Abyss:1  | Noticed a small abomination
   210 | Abyss:1  | Noticed a thrashing horror
   213 | D:1      | Escaped the Abyss
   356 | D:1      | Reached * piety under Lugonu
   521 | D:1      | Reached XP level 2. HP: 24/26 MP: 3/3
  1074 | D:2      | Reached XP level 3. HP: 9/31 MP: 5/5
  1445 | D:2      | Found a faded altar of an unknown god.
  1539 | D:2      | Reached ** piety under Lugonu
  1553 | D:2      | Reached XP level 4. HP: 25/38 MP: 6/6
  2240 | D:3      | Noticed a phantom
  2243 | D:3      | Noticed fartsinmyface's ghost (weakling FeEn)
  2246 | D:3      | Reached skill level 1 in Dodging
  2247 | D:3      | Noticed Terence
  2849 | D:2      | Killed a phantom
  2849 | D:2      | Reached XP level 5. HP: 23/45 MP: 7/7
  3010 | D:3      | Killed fartsinmyface's ghost
  3121 | D:3      | Killed Terence
  3180 | D:3      | Noticed an ogre
  3729 | D:2      | Slain by an ogre

Skill      XL: |  1  2  3  4  5 |
---------------+----------------+-----
Axes           | 2 3 |  3.2
Armour         | 2 |  2.9
Dodging        | 1 |  1.3
Invocations    | 3 |  3.4
Fighting       | |  3.4
Throwing       | |  0.4

Action                   |  1- 3 |  4- 6 || total
-------------------------+-------+-------++-------
Melee: Hand axe          |   113 |   118 ||   231
       Kick              |    16 |    22 ||    38
Throw: Tomahawk          |       |    13 ||    13
Invok: Depart the Abyss  |     1 |       ||     1
  Use: Scroll            |     5 |       ||     5
       Potion            |     1 |       ||     1
  Eat: Chunk             |     1 |     6 ||     7
Armor: Leather armour    |     3 |       ||     3
       Ring mail         |    73 |       ||    73
       Scale mail        |    32 |    87 ||   119
Dodge: Dodged            |    65 |    60 ||   125
